 Dungeon Crawl Stone Soup version 0.28.0-53-g5a82cb258f (webtiles) character file.

Game seed: 18062699971574819620

104 issech the Chopper (level 4, -7/41 HPs)
             Began as a Minotaur Monk on June 19, 2022.
             Mangled by Sigmund
             ... wielding a +0 scythe of protection
              (9 damage)
             ... on level 3 of the Dungeon.
             The game lasted 00:05:47 (2340 turns).

issech the Chopper (Minotaur Monk)                  Turns: 2340, Time: 00:05:47

Health: -7/41      AC:  5    Str: 16    XL:     4   Next: 52%
Magic:  3/3        EV: 12    Int:  7    God:
Gold:   133        SH:  0    Dex: 14    Spells: 3/3 levels left

rFire   . . .      SeeInvis .   p - +1 dagger (speed)
rCold   . . .      Faith    .   (no shield)
rNeg    . . .      Spirit   .   k - +0 ring mail
rPois   .          Reflect  .   (helmet restricted)
rElec   .          Harm     .   (no cloak)
rCorr   .          Rampage  .   (no gloves)
Will    .....                   (no boots)
Stlth   +.........              (no amulet)
HPRegen 0.13/turn               (no ring)
MPRegen 0.08/turn               (no ring)

@: no status effects
A: horns 2, retaliatory headbutt
a: no special abilities


You were on level 3 of the Dungeon.
You visited 1 branch of the dungeon, and saw 3 of its levels.

You collected 133 gold pieces.

Inventory:

Hand Weapons
 a - a +0 hand axe
 p - a +1 dagger of speed (weapon)
 q - a +0 hunting sling
Missiles
 c - 23 sling bullets
 f - 11 poisoned darts (quivered)
 h - 116 stones
 i - 45 bolts
Armour
 b - a +0 robe
 k - a +0 ring mail (worn)
Jewellery
 g - an amulet of faith
Scrolls
 d - a scroll of noise {unknown}
 j - 2 scrolls of identify {unknown}
 l - a scroll of amnesia {unknown}
 m - a scroll of holy word {unknown}
 n - a scroll of magic mapping {unknown}
 r - a scroll of acquirement {unknown}
 v - a scroll of blinking {unknown}
Potions
 e - a potion of invisibility {unknown}
 o - a potion of curing {unknown}
 s - 2 potions of degeneration {unknown}
 t - a potion of heal wounds {unknown}
 u - 2 potions of attraction {unknown}


   Skills:
 + Level 4.5 Fighting
 + Level 0.2 Short Blades
 + Level 4.7 Axes
 + Level 1.8 Armour
 + Level 3.8 Dodging
 + Level 1.8 Stealth


You had 3 spell levels left.
You didn't know any spells.
Your spell library was empty.

Dungeon Overview and Level Annotations

Branches:
Dungeon (3/15)

Altars:
Uskayaw

Annotations:
D:3 Sigmund


Innate Abilities, Weirdness & Mutations

You have a pair of horns on your head.
You reflexively headbutt those who attack you in melee.


Message History

Sigmund the Dreaded comes into view.
He is wielding a +0 scythe of protection.
Found 10 gold pieces.
Sigmund completely misses you.
You completely miss Sigmund. Your headbutt misses Sigmund.
You hit Sigmund but do no damage.
Sigmund mumbles some strange words.
Sigmund flickers and vanishes!
Deactivating autopickup; reactivate with Ctrl-A.
You hit something but do no damage. Your headbutt misses something.
You completely miss something. Something hits you!
You hit something but do no damage. Your headbutt misses something.
You miss something. Something barely misses you.
You miss something. You headbutt something. You completely miss something.
You headbutt something. Something hits you but does no damage.
You hit something. You barely miss something.
You hear some strange, mumbled words.
A puff of flame appears from out of thin air!
The puff of flame hits you.
You completely miss something. Your headbutt misses something.
You hit something. You headbutt something. Something hits you.
You miss something. You headbutt something. You hit something but do no damage.
Something hits you!
You hit something but do no damage. Your headbutt misses something.
You closely miss something. Your headbutt misses something. Something hits you!
* * * LOW HITPOINT WARNING * * *
You miss something. You headbutt something. You barely miss something.
You headbutt something. You closely miss something.
Your headbutt misses something.
You hear some strange, mumbled words.
A puff of flame appears from out of thin air!
The puff of flame misses you.
You hit something but do no damage. You headbutt something. Something hits you!
* * * LOW HITPOINT WARNING * * *
You hit something. You closely miss something.
Something hits you but does no damage.
You miss something. You hit something but do no damage. Something hits you!
You die...

##.###########
##...#........##
#......#####...######
.......#............#
#.....##.###...####.#
#....###.# ##.##
##.### #.#......# #.#
.....# #.########
#.###.....## ..
#...@{...... #
#####.....## .....#
##$### ... #### ###
...# ##.#
############### #.#
#.............##.##
..


There were no monsters in sight!

Vanquished Creatures
  An iguana (D:3)
  Terence (D:3)
  An adder (D:2)
  A worm (D:2)
  6 ball pythons
  An endoplasm (D:1)
  4 giant cockroaches
  6 goblins
  3 hobgoblins
  3 jackals (D:1)
  3 quokkas
  5 bats
  4 frilled lizards
  2 kobolds
  2 rats (D:1)
43 creatures vanquished.

Vanquished Creatures (others)
  A demonic plant (D:2)
1 creature vanquished.

Grand Total: 44 creatures vanquished

Notes
Turn   | Place    | Note
-------+----------+-------------------------------------------
     0 | D:1      | issech the Minotaur Monk began the quest for the Orb.
     0 | D:1      | Reached XP level 1. HP: 19/19 MP: 0/0
   199 | D:1      | Reached XP level 2. HP: 27/27 MP: 1/1
   963 | D:2      | Reached XP level 3. HP: 33/33 MP: 2/2
  1344 | D:2      | Found a faded altar of an unknown god.
  1344 | D:2      | Noticed a reaper
  1350 | D:2      | Reached skill level 1 in Armour
  1792 | D:3      | Noticed Terence
  1799 | D:3      | Killed Terence
  1800 | D:3      | Reached XP level 4. HP: 36/41 MP: 3/3
  2188 | D:3      | Found a hide-covered altar of Uskayaw.
  2312 | D:3      | Noticed Sigmund
  2336 | D:3      | HP: 2/41 [something (10)]
  2340 | D:3      | Mangled by Sigmund

Illustrated notes

Levels and vault maps discovered:
D:1:      dpeg_arrival_stonehenge_8_columns, layout_basic, columned_hall_lemuel,
          chequers_serial_rivers_micro_c, glass_columns_b, minmay_ruptured
D:2:      layout_loops_ring, dreamdust_ecumenical_altar_sealed_demon
D:3:      layout_loops_ring, overflow_temple_1_default,
          chequers_hall_statues_wall_a, uniq_sigmund, uniq_terence

Skill      XL: |  1  2  3 |
---------------+----------+-----
Fighting       | 4 |  4.5
Axes           | 4 |  4.7
Armour         | 1 |  1.8
Short Blades   | |  0.2
Dodging        | |  3.8
Stealth        | |  1.8

Action                   |  1- 3 |  4- 6 || total
-------------------------+-------+-------++-------
Melee: Hand axe          |    49 |       ||    49
       Headbutt          |    22 |     7 ||    29
       Dagger            |    48 |    36 ||    84
       Punch             |     1 |       ||     1
 Stab: Sleeping          |     1 |       ||     1
Armor: Robe              |     5 |       ||     5
       Ring mail         |    13 |     3 ||    16
Dodge: Dodged            |    76 |    12 ||    88
